 Dungeon Crawl Stone Soup version 0.28.0 (webtiles) character file.

Game seed: 15756345447433341759

93 croobank the Chopper (level 4, 0/27 HPs)
             Began as a Tengu Warper on Feb 9, 2022.
             Slain by an orc wizard (4 damage)
             ... on level 3 of the Dungeon.
             The game lasted 00:06:43 (2502 turns).

croobank the Chopper (Tengu Warper)                 Turns: 2502, Time: 00:06:44

Health: 0/27       AC:  6    Str: 13    XL:     4   Next: 62%
Magic:  8/8        EV: 11    Int: 14    God:
Gold:   138        SH:  0    Dex: 13    Spells: 5/7 levels left

rFire   . . .      SeeInvis .   u - +2 dagger (venom)
rCold   . . .      Faith    .   (no shield)
rNeg    . . .      Spirit   .   q - +0 ring mail
rPois   .          Reflect  .   (helmet restricted)
rElec   .          Harm     .   (no cloak)
rCorr   .          Rampage  .   m - +0 pair of gloves
Will    .....                   (boots unavailable)
Stlth   +.........              (no amulet)
HPRegen 0.09/turn               (no ring)
MPRegen 0.11/turn               (no ring)

@: studying Fighting
A: beak, talons 3
a: no special abilities


You were on level 3 of the Dungeon.
You visited 1 branch of the dungeon, and saw 4 of its levels.

You collected 138 gold pieces.

Inventory:

Hand Weapons
 a - a +0 hand axe
 u - a +2 dagger of venom (weapon)
Missiles
 d - 5 boomerangs of dispersal (quivered)
 e - 73 arrows
 k - 43 stones
 l - 16 sling bullets
Armour
 b - a +0 leather armour
 m - a +0 pair of gloves (worn)
 q - a +0 ring mail (worn)
Magical Staves
 s - a staff of air
Jewellery
 o - a ring of see invisible
Scrolls
 c - a scroll of blinking
 f - a scroll of enchant armour {unknown}
 g - a scroll of identify {unknown}
 h - a scroll of enchant weapon {unknown}
 i - a scroll of fear {unknown}
 j - a scroll of teleportation {unknown}
 p - a scroll of magic mapping {unknown}
 t - a scroll of vulnerability {unknown}
Potions
 n - a potion of ambrosia
 r - a potion of invisibility {unknown}


   Skills:
 + Level 2.3 Fighting
 + Level 3.4 Axes
 + Level 1.0 Throwing
 + Level 2.3 Armour
 + Level 2.7 Dodging
 + Level 2.1 Spellcasting
 + Level 2.8 Translocations


You had 5 spell levels left.
You knew the following spells:

 Your Spells              Type           Power      Damage    Failure   Level
a - Blink                 Tloc           18%        N/A       22%         2

Your spell library contained the following spells:

 Spells                   Type           Power      Damage    Failure   Level
 Apportation              Tloc           18%        N/A       16%         1
 Gell's Gravitas          Tloc           9%         N/A       41%         3
 Lesser Beckoning         Tloc           9%         N/A       41%         3
 Teleport Other           Tloc           9%         N/A       41%         3
 Animate Skeleton         Necr           2%         N/A       45%         1
 Summon Small Mammal      Summ           4%         N/A       45%         1
 Manifold Assault         Tloc           9%         N/A       99%         5
 Fireball                 Conj/Fire      0%         3d3       100%        5
 Iskenderun's Battlesphe  Conj           1%         2d6       100%        5
 Conjure Ball Lightning   Conj/Air       0%         3x3d6     100%        6
 Orb of Destruction       Conj           0%         9d5       100%        7
 Borgnjor's Revivificati  Necr           0%         N/A       100%        8
 Necromutation            Tmut/Necr      0%         N/A       100%        8
 Death's Door             Necr           0%         N/A       100%        9


Dungeon Overview and Level Annotations

Branches:
Dungeon (4/15)
 Temple: D:4-7

Altars:


Innate Abilities, Weirdness & Mutations

You have a beak for a mouth.
You have claws for feet.


Message History

You see here a +2 dagger of venom.
u - a +2 dagger of venom You feel sick.
You start resting.
You feel sick.
An orc is nearby!
Your +2 dagger of venom begins to drip with poison!
u - a +2 dagger of venom (weapon)
You feel sick.
You feel sick.
You are no longer poisoned.
The orc hits you with a +0 dagger.
You see here 14 gold pieces.
You hit the orc.
The orc is poisoned.
The orc is lightly wounded.
The orc closely misses you.
An orc wizard comes into view. It is wielding a +0 dagger.
You closely miss the orc. You claw the orc.
You kill the orc!
You hit the orc but do no damage.
The orc is poisoned.
You claw the orc.
The orc is severely wounded.
You closely miss the orc wizard. Your punch misses the orc wizard.
You kill the orc!
You closely miss the orc wizard. Your kick misses the orc wizard.
You peck the orc wizard, but do no damage.
The orc wizard hits you but does no damage.
You hit the orc wizard. Your kick misses the orc wizard.
The orc wizard is lightly wounded.
An orc wizard comes into view. It is wielding a +3 dagger.
The orc wizard points at you and mumbles some strange words.
The puff of flame hits you!
* * * LOW HITPOINT WARNING * * *
You closely miss the orc wizard.
The orc wizard shouts!
Your kick misses the orc wizard.
The orc wizard is lightly wounded.
The orc wizard points at you and mumbles some strange words.
The magic dart hits you.
* * * LOW HITPOINT WARNING * * *
The orc wizard hits you with a +0 dagger.
You die...

#.##........
#.#..>......
#.#.##..#.##
#.#.# ..# #
#.#†# ..# # #
#.#.##..#.#
##.##.........#
#.........[.#...
........@o)...#
#..####.##.####
#. #.# .# # #..
. .o.. .. #....
.o #........
....... #.......


You could see 2 orc wizards.

Vanquished Creatures
  3 adders (D:2)
  3 worms (D:2)
  3 dart slugs
  2 orcs (D:3)
  5 ball pythons
  A bat (D:2)
  5 endoplasms
  2 giant cockroaches
  7 goblins
  3 hobgoblins (D:2)
  2 jackals (D:1)
  2 kobolds
  3 quokkas
  2 frilled lizards (D:2)
  5 rats
  2 toadstools (D:1)
50 creatures vanquished.

Vanquished Creatures (others)
  2 toadstools (D:1)
2 creatures vanquished.

Grand Total: 52 creatures vanquished

Notes
Turn   | Place    | Note
-------+----------+-------------------------------------------
     0 | D:1      | croobank the Tengu Warper began the quest for the Orb.
     0 | D:1      | Reached XP level 1. HP: 12/12 MP: 4/4
   321 | D:1      | Reached XP level 2. HP: 14/17 MP: 6/6
   779 | D:1      | Learned a level 2 spell: Blink
  1050 | D:2      | Reached XP level 3. HP: 15/21 MP: 7/7
  1288 | D:2      | Found a faded altar of an unknown god.
  1290 | D:2      | Noticed a great orb of eyes
  1290 | D:2      | Noticed a shining eye
  1291 | D:2      | Noticed a floating eye
  1291 | D:2      | Noticed an eye of devastation
  1303 | D:2      | Reached skill level 3 in Axes
  1392 | D:2      | Reached XP level 4. HP: 21/26 MP: 8/8
  2502 | D:3      | Slain by an orc wizard

Illustrated notes

Levels and vault maps discovered:
D:1:      ldierk_water_garden, layout_rooms
D:2:      layout_rooms, hellmonk_ecumenical_altar_watching_god,
          minmay_crystal_room, minmay_box_of_dots
D:3:      layout_loops_ring, mainiacjoe_overflow_alcove_1,
          mainiacjoe_overflow_divided_tiny, serial_shops, shop_fountains,
          uniq_terence
D:4:      layout_loops_ring, temple_green, kennysheep_generic_room_14

Skill      XL: |  1  2  3 |
---------------+----------+-----
Axes           | 3 |  3.4
Armour         | 2 |  2.3
Fighting       | |  2.3
Throwing       | |  1.0
Dodging        | |  2.7
Spellcasting   | |  2.1
Translocations | |  2.8

Action                   |  1- 3 |  4- 6 || total
-------------------------+-------+-------++-------
Melee: Hand axe          |    80 |    47 ||   127
       Kick              |    16 |    12 ||    28
       Peck              |    13 |     7 ||    20
       Dagger            |       |     7 ||     7
 Cast: Blink             |     1 |       ||     1
  Use: Potion            |     2 |       ||     2
Armor: Leather armour    |    15 |     6 ||    21
       Ring mail         |       |     4 ||     4
Dodge: Dodged            |    59 |    26 ||    85
